AoeStats
← 888

Arabia

510516566Analyzed
4v4 RM · 1d ago on Oct 1, 2026· 41m 45s· 8 players
Game mode
Random Map
Map size
Large (8 player)
Population
200
Speed
Normal
Resources
Standard
Victory
Conquest
Starting age
Dark Age
Ending age
Imperial Age
RankedLock teamsTeams togetherTeam positionsShared explorationLock speedFull tech treeHidden civsTurbo modeCheats
Victory
Defeat
🇹🇷 Berbers · Türkiye
1286
+10
🇫🇷 Persians · France
1279
+10
🇮🇱 Turks · Israel
1247
+12
🇫🇷 Ethiopians · France
1230
+12
🇨🇳 Persians · China
1232
-13
🇨🇳 Varangians · China
1184
-12
🇨🇳 Vikings · China
1175
-12
🇨🇳 Magyars · China
1017
-7
Mike
9:54 Feudal Age
10:18 Loom
10:35 Double-Bit Axe
11:54 Double-Bit Axe
16:05 Horse Collar
22:15 Castle Age
21:28 Fletching
23:31 Bow Saw
23:48 Crossbowman
24:37 Bodkin Arrow
26:32 Padded Archer Armor
27:41 Gold Mining
29:26 Wheelbarrow
29:35 Leather Archer Armor
30:41 Bloodlines
30:32 Husbandry
35:34 Ballistics
36:09 Heavy Plow
37:24 Thumb Ring
42:43 Sipahi
Furnytt
9:04 Loom
11:27 Feudal Age
13:01 Horse Collar
13:07 Double-Bit Axe
16:57 Castle Age
17:36 Bow Saw
17:38 Heavy Plow
21:19 Town Watch
22:12 Wheelbarrow
24:14 Bloodlines
26:07 Scale Barding Armor
26:40 Forging
27:42 Gold Mining
29:29 Gold Shaft Mining
29:57 Husbandry
31:16 Hand Cart
31:57 Stone Mining
36:03 Imperial Age
34:54 Iron Casting
35:01 Chain Barding Armor
35:55 Cavalier
37:13 Plate Barding Armor
37:44 Savar
39:28 Blast Furnace
888
6:29 Loom
9:31 Feudal Age
11:20 Double-Bit Axe
17:59 Fletching
25:03 Castle Age
24:00 Padded Archer Armor
24:54 Scale Mail Armor
25:04 Forging
24:43 Horse Collar
25:38 Gold Mining
25:15 Crossbowman
26:02 Thumb Ring
26:00 Bodkin Arrow
27:23 Wheelbarrow
30:31 Squires
30:18 Arson
30:54 Bow Saw
37:27 Ballistics
42:20 Imperial Age
yavuzaltnsk
8:33 Loom
11:10 Feudal Age
12:30 Double-Bit Axe
13:56 Horse Collar
17:29 Wheelbarrow
20:38 Castle Age
19:20 Forging
19:15 Scale Barding Armor
20:06 Bloodlines
36:49 Iron Casting
36:35 Chain Barding Armor
36:21 Town Watch
37:14 Husbandry
40:47 Imperial Age
40:55 Heavy Camel Rider
kiyohime
1:51 Loom
11:01 Feudal Age
11:48 Double-Bit Axe
11:47 Horse Collar
13:34 Bloodlines
17:33 Wheelbarrow
22:09 Castle Age
20:32 Scale Barding Armor
23:28 Chain Barding Armor
23:11 Husbandry
22:33 Light Cavalry
23:30 Heavy Plow
23:43 Bow Saw
24:28 Gold Mining
25:03 Hand Cart
34:49 Treadmill Crane
39:38 Imperial Age
37:35 Fletching
38:17 Bodkin Arrow
39:05 Ballistics
38:56 Masonry
40:27 Padded Archer Armor
唯今之计
2:34 Loom
11:46 Feudal Age
13:26 Double-Bit Axe
13:22 Horse Collar
20:39 Castle Age
24:19 Scale Barding Armor
24:30 Forging
28:59 Town Watch
30:20 Bow Saw
30:51 Heavy Plow
32:06 Fletching
36:57 Imperial Age
34:28 Elite Skirmisher
34:55 Man-at-Arms
35:35 Squires
35:21 Arson
35:39 Scale Mail Armor
36:50 Bodkin Arrow
38:11 Chain Mail Armor
38:32 Iron Casting
37:26 Long Swordsman
40:54 Imperial Age
靓仔
5:52 Loom
12:06 Feudal Age
14:56 Bloodlines
30:45 Horse Collar
31:41 Forging
31:38 Scale Barding Armor
37:05 Castle Age
37:31 Fletching
38:03 Husbandry
40:16 Double-Bit Axe
巨浪大切
6:22 Loom
9:15 Feudal Age
14:40 Double-Bit Axe
17:23 Forging
17:09 Horse Collar
21:50 Castle Age
20:52 Bloodlines
20:51 Scale Barding Armor
20:39 Gold Mining
22:19 Husbandry
23:00 Bow Saw
23:29 Heavy Plow
24:20 Chain Barding Armor
27:25 Wheelbarrow
28:22 Town Watch
28:52 Hand Cart
32:51 Imperial Age
31:44 Gold Shaft Mining
31:01 Stone Mining
34:21 Plate Barding Armor
34:21 Iron Casting
33:09 Cavalier
33:11 Light Cavalry
34:48 Stone Shaft Mining
34:23 Fletching
34:37 Town Patrol
34:05 Hussar
36:01 Crop Rotation
37:54 Savar
Connection lost

Rejoining the realm…

Still unreachable

The connection could not be restored.

Session expired

The server has moved on; the page needs a fresh start.